 Dungeon Crawl Stone Soup version 0.15.0-14-g6bbbb5c (webtiles) character file.

8327 Johnny the Conjurer (level 10, -19/87 HPs)
             Began as a Demigod Conjurer on Sept 5, 2014.
             Killed from afar by Josephine (43 damage)
             ... with a ghostly fireball
             ... on Level 10 of the Dungeon.
             The game lasted 00:59:49 (15112 turns).

Johnny the Conjurer (Demigod Conjurer)             Turns: 15112, Time: 00:59:50

HP -19/87        AC  4     Str 14      XL: 10   Next: 82%
MP  31/47        EV 13     Int 22      God:
Gold 650         SH  0     Dex 18      Spells:  7 memorised,  3 levels left

rFire  x . .     SeeInvis .     G - melded +1 mace (protect)
rCold  + + +     Rnd*Rage +     H - melded +3 leather armour {rC+}
rNeg   . . .     rCorr    .     (shield currently unavailable)
rPois  +         rRot     .     b - melded +2 hat
rElec  .         Spirit   .     (no cloak)
SustAb .         Warding  .     h - melded +0 pair of gloves
rMut   .         Stasis   .     s - melded +0 pair of boots
Gourm  .                        (no amulet)
MR     +....                    A - ring of magical power
                                m - ring of magical power

@: ice-form, somewhat resistant to hostile enchantments, fairly stealthy
A: berserk 1
a: no special abilities


You were on level 10 of the Dungeon.
You were hungry.
You were a creature of crystalline ice.
You visited 1 branch of the dungeon, and saw 10 of its levels.
You also visited: Ossuary.

You collected 650 gold pieces.

Inventory:

Hand weapons
 G - a +1 mace of protection (melded)
Missiles
 j - a throwing net (quivered)
Armour
 b - a +2 hat (melded)
 h - a +0 pair of gloves (melded)
 s - a +0 pair of boots (melded)
 H - a +3 leather armour of cold resistance (melded)
Comestibles
 a - 2 rotting chunks of hill giant flesh
Scrolls
 l - 3 scrolls of enchant armour
 p - 2 scrolls of magic mapping
 v - a scroll of remove curse
 w - 3 scrolls of blinking
 y - a scroll of enchant weapon
 C - 2 scrolls of recharging
 E - a scroll of fog
 M - a scroll of teleportation
Jewellery
 g - an uncursed ring of fire
 m - a ring of magical power (left paw)
 z - a cursed ring of protection from cold
 A - a ring of magical power (right paw)
 L - an uncursed ring of flight
 O - an uncursed ring of fire
Potions
 e - a potion of haste
 f - 3 potions of invisibility
 n - a potion of restore abilities {unknown}
 o - 2 potions of degeneration {unknown}
 q - 8 potions of brilliance
 r - 3 potions of curing {unknown}
 t - 6 potions of agility
 x - 2 potions of resistance {unknown}
 B - 3 potions of heal wounds {unknown}
 D - a potion of flight {unknown}
 K - 2 potions of berserk rage {unknown}
 N - 2 potions of lignification {unknown}
Books
 c - a book of Conjurations

   Spells                             Type                      Level
   *Magic Dart                        Conjuration                  1
   *Searing Ray                       Conjuration                  2
   *Dazzling Spray                    Conjuration/Hexes            3
   Fulminant Prism                    Conjuration/Hexes            4
   *Iskenderun's Mystic Blast         Conjuration                  4
   *Iskenderun's Battlesphere         Conjuration/Charms           5
 u - a book of Power

   Spells                             Type                      Level
   Fulminant Prism                    Conjuration/Hexes            4
   *Iskenderun's Mystic Blast         Conjuration                  4
   Venom Bolt                         Conjuration/Poison           5
   Bolt of Magma                      Conjuration/Fire/Earth       5
   Iron Shot                          Conjuration/Earth            6
   Orb of Destruction                 Conjuration                  7
 F - a book of Burglary

   Spells                             Type                      Level
   Swiftness                          Charms/Air                   2
   Passwall                           Transmutation/Earth          3
   Passage of Golubria                Translocation                4
   *Lee's Rapid Deconstruction        Earth                        5
   Invisibility                       Hexes                        6
   Darkness                           Hexes                        7
 I - a book of the Warp

   Spells                             Type                      Level
   Control Teleport                   Charms/Translocation         4
   Phase Shift                        Translocation                5
   Warp Weapon                        Charms/Translocation         5
   Dispersal                          Translocation                6
   Controlled Blink                   Translocation                7
   Disjunction                        Translocation                8
 J - a book of the Tempests

   Spells                             Type                      Level
   *Static Discharge                  Conjuration/Air              3
   Lightning Bolt                     Conjuration/Air              5
   Fireball                           Conjuration/Fire             5
   Tornado                            Air                          9
   Shatter                            Earth                        9


   Skills:
 + Level 1.9 Fighting
   Level 0.5 Short Blades
 + Level 1.2 Maces & Flails
 + Level 4.0 Armour
 * Level 5.6 Dodging
 + Level 3.5 Stealth
 * Level 8.5 Spellcasting
 * Level 9.3 Conjurations
 - Level 4.8 Hexes
 + Level 0.6 Charms
 + Level 0.6 Air Magic
 * Level 1.6 Earth Magic
 + Level 0.6 Evocations


You had 3 spell levels left.
You knew the following spells:

 Your Spells              Type           Power        Failure   Level  Hunger
a - Magic Dart            Conj           ####         1%          1    None
b - Searing Ray           Conj           ######       1%          2    None
c - Dazzling Spray        Conj/Hex       #####...     1%          3    None
d - Iskenderun's Mystic   Conj           ######..     1%          4    ###....
e - Static Discharge      Conj/Air       ####....     2%          3    None
f - Iskenderun's Battles  Conj/Chrm      ####....     28%         5    ####...
g - Lee's Rapid Deconstr  Erth           ###.......   91%         5    ####...


Dungeon Overview and Level Annotations

Branches:
Dungeon (10/15)            Temple (0/1) D:6
    Orc: D:9-12        Lair: D:8-11

Annotations:
D:10 Josephine


Innate Abilities, Weirdness & Mutations

You tend to lose your temper in combat.


Message History

The orb of energy hits Josephine.
Josephine is lightly wounded.
The orb of energy explodes!
You are feeling hungry.
Josephine zaps a wand.
You turn into a creature of crystalline ice.
Your +1 mace of protection melds into your body.
You feel less protected.
Your +2 hat melds into your body.
Your +0 pair of gloves melds into your body.
Your +0 pair of boots melds into your body.
Your +3 leather armour of cold resistance melds into your body.
You feel less resistant to cold.
Josephine gestures at something while chanting.
The ghostly flame explodes!
The ghostly fireball engulfs you!
* * * LOW HITPOINT WARNING * * *
A giant spore comes into view.
Josephine is no longer blind.
Josephine gestures at you while chanting.
The ghostly flame explodes!
The ghostly fireball engulfs you!
You die...

### ##########>...*.
#.@....Y...#
#####.##########
######...)....#####
.##.................
...%P.P.........###
%%...P.P..........@
..%P....P.......###
....PPPP.P....###
.%P.####P.......


You could see Josephine and a giant spore.

Vanquished Creatures
  Gastronok (D:8)
  Erolcha (D:10)
  Pikel (D:8)
  A hill giant (D:10)
  A gargoyle (D:10)
  A wyvern (D:10)
  3 yaks (D:10)
  Eustachio (D:6)
  A hippogriff (D:8)
  Menkaure (Ossuary)
  A water moccasin (D:8)
  2 slaves (D:8)
  5 orc warriors
  A sky beast (D:9)
  A phantom (D:7)
  3 centaurs
  2 ice beasts
  7 ogres
  The ghost of zkyp the Cutter, an average HEWr (D:4)
  Sigmund (D:7)
  Duvessa (D:6)
  A big kobold (D:7)
  4 giant frogs
  9 scorpions
  An eye of draining (D:6)
  A hippogriff skeleton (D:10)
  Dowan (D:6)
  4 hounds
  A gnoll shaman (D:9)
  2 centaur zombies (Ossuary)
  A jelly (D:6)
  7 crimson imps
  A giant frog skeleton (D:6)
  A human zombie (Ossuary)
  3 iguanas
  6 orc priests
  8 orc wizards
  A worker ant (D:7)
  3 ogre zombies (Ossuary)
  Ijyb (D:2)
  An ogre skeleton (D:4)
  6 mummies (Ossuary)
  2 green rats
  10 adders
  9 gnolls
  4 giant mites
  2 shadow imps
  4 worms
  3 orc zombies
  An adder skeleton (D:6)
  3 adder zombies
  6 giant geckos
  40 orcs
  9 giant cockroaches
  13 hobgoblins
  6 jackals
  8 quokkas
  31 bats
  5 giant newts
  2 giant spores (D:9)
  A gnoll skeleton (D:7)
  A gnoll zombie (Ossuary)
  13 goblins
  5 goblin zombies
  A hobgoblin skeleton (D:9)
  4 hobgoblin zombies (Ossuary)
  17 kobolds
  3 kobold zombies
  An orc skeleton (D:7)
  5 quokka zombies (Ossuary)
  23 rats
  7 rat zombies
  19 ballistomycetes (D:9)
  A fungus (D:10)
359 creatures vanquished.

Vanquished Creatures (others)
  An adder (D:8)
  A kobold skeleton (D:8)
  A fungus (D:10)
3 creatures vanquished.

Grand Total: 362 creatures vanquished

Notes
Turn   | Place    | Note
--------------------------------------------------------------
     0 | D:1      | Johnny, the Demigod Conjurer, began the quest for the Orb.
     0 | D:1      | Reached XP level 1. HP: 14/14 MP: 3/3
   340 | D:1      | Reached skill level 4 in Conjurations
   340 | D:1      | Reached XP level 2. HP: 8/20 MP: 4/4
  1049 | D:1      | Reached XP level 3. HP: 26/26 MP: 5/7
  1186 | D:2      | Noticed Ijyb
  1249 | D:2      | Killed Ijyb
  1752 | D:2      | Reached XP level 4. HP: 26/34 MP: 0/10
  1831 | D:2      | Learned a level 2 spell: Searing Ray
  1835 | D:2      | Learned a level 3 spell: Dazzling Spray
  2021 | D:2      | Reached skill level 1 in Armour
  2815 | D:3      | Found a sparkling altar of Nemelex Xobeh.
  3118 | D:4      | Noticed zkyp's ghost (average HEWr)
  3158 | D:4      | Killed zkyp's ghost
  3158 | D:4      | Reached XP level 5. HP: 39/39 MP: 12/12
  3350 | D:4      | Found a blossoming altar of Fedhas.
  3350 | D:4      | Found an ancient bone altar of Kikubaaqudgha.
  3448 | D:4      | Noticed an ogre
  3456 | D:4      | Killed an ogre
  3456 | D:4      | Reached skill level 1 in Hexes
  3456 | D:4      | Reached XP level 6. HP: 46/46 MP: 14/15
  3545 | D:4      | Learned a level 4 spell: Iskenderun's Mystic Blast
  3578 | D:4      | Found a sand-covered staircase.
  3782 | Ossuary  | Entered an ossuary
  4062 | Ossuary  | Reached skill level 5 in Conjurations
  4797 | Ossuary  | Noticed Menkaure
  5067 | Ossuary  | Reached skill level 1 in Fighting
  5122 | Ossuary  | Reached XP level 7. HP: 52/52 MP: 19/19
  5152 | Ossuary  | Killed Menkaure
  5973 | D:5      | Entered Level 5 of the Dungeon
  6673 | D:5      | Found a shattered altar of Ashenzari.
  7010 | D:5      | Reached XP level 8. HP: 59/59 MP: 21/21
  7624 | D:6      | Noticed Duvessa
  7624 | D:6      | Noticed Dowan
  7634 | D:6      | Killed Duvessa
  7634 | D:6      | Reached skill level 6 in Conjurations
  7637 | D:6      | Killed Dowan
  7972 | D:6      | Found a bloodstained altar of Trog.
  7983 | D:6      | Reached skill level 5 in Spellcasting
  8403 | D:6      | Found a staircase to the Ecumenical Temple.
  8413 | D:6      | Learned a level 3 spell: Static Discharge
  9004 | D:6      | You fall through a shaft for 2 floors!
  9156 | D:6      | Noticed Eustachio
  9162 | D:6      | Killed Eustachio
  9319 | D:6      | Reached XP level 9. HP: 64/64 MP: 25/25
  9402 | D:6      | Reached skill level 7 in Conjurations
  9547 | D:7      | Noticed Sigmund
  9556 | D:7      | Killed Sigmund
 10457 | D:7      | Found a radiant altar of Vehumet.
 10618 | D:7      | Reached skill level 1 in Maces & Flails
 10868 | D:8      | Noticed Gastronok
 11864 | D:8      | Reached skill level 8 in Conjurations
 11922 | D:8      | Learned a level 5 spell: Iskenderun's Battlesphere
 12016 | D:8      | Killed Gastronok
 12016 | D:8      | Reached XP level 10. HP: 34/73 MP: 13/28
 12432 | D:8      | Noticed Pikel
 12442 | D:8      | Killed Pikel
 12846 | D:8      | Learned a level 5 spell: Lee's Rapid Deconstruction
 12907 | D:8      | Gained mutation: You tend to lose your temper in combat. [mutagenic glow]
 13075 | D:9      | Reached skill level 5 in Dodging
 13475 | D:9      | Found a roughly hewn altar of Beogh.
 14154 | D:9      | Found a white marble altar of Elyvilon.
 14385 | D:10     | Entered Level 10 of the Dungeon
 14398 | D:10     | Noticed Josephine
 14615 | D:10     | Reached skill level 9 in Conjurations
 14629 | D:10     | Noticed Erolcha
 14834 | D:10     | Noticed a hill giant
 14843 | D:10     | Killed a hill giant
 14843 | D:10     | Reached skill level 1 in Earth Magic
 14931 | D:10     | Killed Erolcha
 15112 | D:10     | Killed from afar by Josephine

Action                   |  1- 3 |  4- 6 |  7- 9 | 10-12 || total
-------------------------+-------+-------+-------+-------++-------
Melee: Short sword       |   100 |       |       |       ||   100
       Dagger            |       |    67 |     7 |       ||    74
       Mace              |       |       |    85 |   162 ||   247
Throw: Throwing net      |     2 |     2 |       |       ||     4
 Cast: Magic Dart        |    76 |    96 |   116 |    43 ||   331
       Dazzling Spray    |       |    26 |   135 |    62 ||   223
       Searing Ray       |       |    31 |    11 |       ||    42
       Iskenderun's Myst |       |     7 |    87 |    37 ||   131
       Static Discharge  |       |       |    31 |     1 ||    32
       Iskenderun's Batt |       |       |     1 |     7 ||     8
Evoke: Wand              |       |       |     5 |       ||     5
  Use: Scroll            |     2 |     6 |    12 |     2 ||    22
       Potion            |       |       |     2 |       ||     2
 Stab: Sleeping          |     1 |       |       |       ||     1
       Invisible         |       |     1 |     3 |     2 ||     6
  Eat: Bread ration      |     1 |     2 |     4 |       ||     7
       Chunk             |       |     2 |    14 |     7 ||    23
       Beef jerky        |       |     2 |     2 |       ||     4
       Meat ration       |       |     1 |     1 |       ||     2
       Fruit             |       |       |     3 |     2 ||     5
       Pizza             |       |       |       |     3 ||     3
